 Dungeon Crawl Stone Soup version 0.29.1-2-gbd0b4ee654 (webtiles) character file.

Game seed: 8529239979854584858

65 GorkyZ the Shield-Bearer (level 4, -3/28 HPs)
             Began as a Gargoyle Fighter on Nov 30, 2022.
             Killed from afar by Sigmund (9 damage)
             ... with a magic dart
             ... on level 2 of the Dungeon.
             The game lasted 00:03:17 (1295 turns).

GorkyZ the Shield-Bearer (Gargoyle Fighter)         Turns: 1295, Time: 00:03:18

Health: -3/28      AC: 11    Str: 22    XL:     4   Next: 14%
Magic:  4/4        EV:  9    Int:  8    God:
Gold:   80         SH:  4    Dex:  9    Spells: 3/3 levels left

rFire   . . .      SeeInvis .   n - +0 mace
rCold   . . .      Faith    .   c - +0 buckler
rNeg    + . .      Spirit   .   b - +0 scale mail
rPois   ∞          Reflect  .   j - +0 helmet
rElec   +          Harm     .   (no cloak)
rCorr   .          Rampage  .   (no gloves)
Will    +....                   (no boots)
Stlth   ..........              (no amulet)
HPRegen 0.09/turn               h - ring of willpower
MPRegen 0.09/turn               i - ring of flight

@: flying
A: sickness immunity, AC +3, negative energy resistance 1, electricity
resistance, torment resistance 1, petrification resistance
a: no special abilities


You were on level 2 of the Dungeon.
You visited 1 branch of the dungeon, and saw 2 of its levels.

You collected 80 gold pieces.

Inventory:

Hand Weapons
 a - a +0 flail
 n - a +0 mace (weapon)
Armour
 b - a +0 scale mail (worn)
 c - a +0 buckler (worn)
 j - a +0 helmet (worn)
Jewellery
 h - a ring of willpower (left hand)
 i - a ring of flight (right hand)
Scrolls
 f - a scroll of identify {unknown}
 g - a scroll of poison {unknown}
 p - 2 scrolls of amnesia {unknown}
Potions
 d - a potion of might
 e - a potion of haste {unknown}
 k - a potion of invisibility {unknown}
 l - a potion of cancellation {unknown}
 m - a potion of heal wounds {unknown}
 o - 2 potions of curing {unknown}


   Skills:
 + Level 3.6 Fighting
 + Level 2.3 Maces & Flails
 + Level 1.0 Throwing
 + Level 3.6 Armour
 + Level 0.9 Dodging
 + Level 3.7 Shields
 + Level 1.0 Evocations


You had 3 spell levels left.
You didn't know any spells.
Your spell library contained the following spells:

 Spells                   Type           Power      Damage    Failure   Level
 Shock                    Conj/Air       0%         1d3       83%         1
 Swiftness                Air            0%         N/A       99%         3
 Airstrike                Air            0%         2d(0-16)  100%        4


Dungeon Overview and Level Annotations

Branches:
Dungeon (2/15)

Altars:

Annotations:
D:2 Sigmund


Innate Abilities, Weirdness & Mutations

You are immune to sickness and miasma.
Your stone body is resilient. (AC +3)
You are immune to poison.
You resist negative energy. (rN+)
You are resistant to electric shocks. (rElec)
You are resistant to unholy torment.
You are immune to petrification.


Message History

The goblin hits you but does no damage. Something hits you.
You barely miss the goblin. The goblin barely misses you.
You hear some strange, mumbled words.
A puff of flame appears from out of thin air!
The puff of flame hits you! The goblin closely misses you.
You hit the goblin.
You kill the goblin!
You block something's attack.
You hit the hobgoblin but do no damage. The hobgoblin barely misses you.
Something hits you.
You are too injured to fight recklessly!
You are too injured to fight recklessly!
You are too injured to fight recklessly!
You are too injured to fight recklessly!
You are too injured to fight recklessly!
You are too injured to fight recklessly!
You are too injured to fight recklessly!
You are too injured to fight recklessly!
You are too injured to fight recklessly!
You are too injured to fight recklessly!
You are too injured to fight recklessly!
You are too injured to fight recklessly!
You are too injured to fight recklessly!
You are too injured to fight recklessly!
You sock the hobgoblin!
You kill the hobgoblin!
Something hits you!
* * * LOW HITPOINT WARNING * * *
You hit something. Something hits you.
* * * LOW HITPOINT WARNING * * *
You thump something! You closely miss something.
Something hits you but does no damage.
You barely miss something. Something hits you but does no damage.
You barely miss something. You block something's attack.
You sock something! Something hits you but does no damage.
You miss something.
You hear some strange, mumbled words.
A magic dart appears from out of thin air!
The magic dart hits you!
You die...

#....#..... .# #..
......##.# #............
### #...#.#..... #.+
+...#.#.>.# . #.#
..#.#.......# .. #.#
.......{†.#.#...
#####.######...)@..#..#.#
...........######?.......
......####.######..##.#..
......# >..............
......###########.#.#....
...........# #.#.# ###
...........# ###.#.#
...........# ##.....#
...........#
#....#########.


There were no monsters in sight!

Vanquished Creatures
  A gnoll (D:1)
  An adder (D:2)
  A worm (D:2)
  6 endoplasms (D:1)
  8 goblins
  3 hobgoblins
  3 jackals (D:1)
  2 quokkas (D:1)
  4 ball pythons
  4 bats
  3 frilled lizards (D:1)
  4 kobolds (D:1)
  A rat (D:1)
41 creatures vanquished.

Vanquished Creatures (others)
  A fungus (D:1)
1 creature vanquished.

Grand Total: 42 creatures vanquished

Notes
Turn   | Place    | Note
-------+----------+-------------------------------------------
     0 | D:1      | GorkyZ the Gargoyle Fighter began the quest for the Orb.
     0 | D:1      | Reached XP level 1. HP: 14/14 MP: 1/1
    65 | D:1      | Reached XP level 2. HP: 9/19 MP: 2/2
   390 | D:1      | Reached XP level 3. HP: 23/23 MP: 3/3
  1017 | D:1      | Reached skill level 1 in Evocations
  1046 | D:1      | Found a faded altar of an unknown god.
  1196 | D:2      | Reached skill level 1 in Throwing
  1196 | D:2      | Reached XP level 4. HP: 27/28 MP: 4/4
  1280 | D:2      | Noticed Sigmund
  1295 | D:2      | Killed from afar by Sigmund

Illustrated notes

Levels and vault maps discovered:
D:1:      evilmike_arrival_fibonacci_small, layout_rooms,
          shapermc_ecumenical_altar_mp_urbaneastern, minmay_hexomino_f4
D:2:      layout_basic, uniq_sigmund

Skill      XL: |  1  2  3 |
---------------+----------+-----
Evocations     | 1 |  1.0
Throwing       | 1 |  1.0
Fighting       | |  3.6
Maces & Flails | |  2.3
Armour         | |  3.6
Dodging        | |  0.9
Shields        | |  3.7

Action                   |  1- 3 |  4- 6 || total
-------------------------+-------+-------++-------
Melee: Flail             |    99 |       ||    99
       Mace              |    17 |    14 ||    31
Armor: Scale mail        |    81 |     5 ||    86
Dodge: Dodged            |    72 |     4 ||    76
Block: Buckler           |    27 |     2 ||    29
